 Dungeon Crawl Stone Soup version bcrawl-1.13.5 (webtiles) character file.

Game seed: 16985684908978054886

358 Revguard the Poker (level 6, -7/44 HPs)
             Began as a Demonspawn Archaeologist on Sept 5, 2019.
             Mangled by a centaur (8 damage)
             ... on level 3 of the Dungeon.
             The game lasted 00:08:24 (3529 turns).

Revguard the Poker (Demonspawn Archaeologist)       Turns: 3529, Time: 00:08:25

Health: -7/44      AC:  9    Str: 13    XL:     6   Next: 37%
Magic:  6/6        EV: 11    Int: 15    God:
Gold:   134        SH:  0    Dex: 12    Spells: 5/5 levels left

rFire    + . .     SeeInvis .   j - +2 scythe (freeze)
rCold    . . .     Gourm    .   (shield currently unavailable)
rNeg     . . .     Faith    .   i - +0 ring mail
rPois    .         Spirit   .   c - +1 hat
rElec    .         Reflect  .   (no cloak)
rCorr    .         Harm     .   (no gloves)
MR       .....                  d - +2 pair of boots
Stlth    +.........             (no amulet)
HPRegen  0.14/turn              (no ring)
MPRegen  0.10/turn              (no ring)

@: about to teleport, very slightly contaminated, studying Polearms
A: antennae 1, fire resistance 1
a: no special abilities


You were on level 3 of the Dungeon.
You were hungry.

You visited 1 branch of the dungeon, and saw 3 of its levels.

You collected 134 gold pieces.

Inventory:

Hand Weapons
 a - a +0 whip
 j - a +2 scythe of freezing (weapon)
 k - a +0 war axe
 p - a +2 whip of venom
Armour
 b - a +1 robe
 c - a +1 hat (worn)
 d - a +2 pair of boots (worn)
 i - a +0 ring mail (worn)
Wands
 n - a wand of iceblast (6)
 u - a wand of paralysis (8)
Scrolls
 l - 2 scrolls of remove curse
 t - a scroll of magic mapping {unknown}
Books
 e - a manual of Polearms
Miscellaneous
 f - an ancient crate
Comestibles
 g - 3 rations {!d}
 h - 2 chunks of flesh


   Skills:
 - Level 2.0 Fighting
 - Level 1.1 Maces & Flails
 * Level 5.7 Polearms
 - Level 3.1 Armour
 - Level 3.3 Dodging
 - Level 3.0 Stealth


You had 5 spell levels left.
You didn't know any spells.
Your spell library was empty.

Dungeon Overview and Level Annotations

Branches:
Dungeon (3/12)

Altars:
Qazlal


Innate Abilities, Weirdness & Mutations

You have a pair of small antennae on your head.
Your flesh is heat resistant. (rF+)


Message History

Okay, then.
As you read the scroll labeled DANTEEDD LUOCO, it crumbles to dust.
You hear a loud clanging noise!
It was a scroll of noise.
As you read the scroll labeled KIUMUE ONOALOL, it crumbles to dust.
It is a scroll of enchant armour.
Your +1 pair of boots glows green for a moment.
As you read the scroll labeled BUDEGU QE VILUYTO, it crumbles to dust.
The scroll dissolves into smoke.
It was a scroll of fog.
The centaur shoots an arrow.
The arrow hits you!
* * * LOW HITPOINT WARNING * * *
You aren't carrying any potions.
Unknown command.
As you read the scroll labeled IZOICA VYUQUSEOD, it crumbles to dust.
You feel strangely unstable.
It was a scroll of teleportation.
You are feeling hungry.
You hit the centaur. You freeze the centaur.
The centaur is heavily wounded.
The centaur unwields a +0 shortbow.
The centaur hits you!
You die...

### #[# #.# #. #.#
#.# #. #c#####.# #.
#.{.....# #.
##.##c##.# #.
#...)....# #####
#........# #....
#####..####..###.###
#§§@#......).....(..
#§§§c§...##)####.##.
##§§§#§#####)# #<##.
#...##.......# #....
#.####.......# #....
#.# #####.### #....
##.# #.....# #....
##..# #.....# #....
#.#.# #.....# #....


You could see a centaur.

Vanquished Creatures
  Sigmund (D:3)
  2 orc priests (D:3)
  An orc wizard (D:3)
  A gnoll (D:1)
  An adder (D:3)
  An ooze (D:3)
  3 worms
  3 dart slugs
  5 leopard geckos
  8 orcs
  2 ball pythons (D:1)
  3 giant cockroaches
  6 hobgoblins
  2 jackals (D:2)
  A quokka (D:2)
  4 bats
  4 frilled lizards
  8 goblins
  5 kobolds
  3 rats
64 creatures vanquished.

Notes
Turn   | Place    | Note
-------+----------+-------------------------------------------
     0 | D:1      | Revguard the Demonspawn Archaeologist began the quest for
                  | the Orb.
     0 | D:1      | Reached XP level 1. HP: 15/15 MP: 1/1
   325 | D:1      | Gained mutation: Your flesh is heat resistant. (rF+)
                  | [demonic ancestry]
   325 | D:1      | Reached XP level 2. HP: 21/21 MP: 2/2
   357 | D:1      | Reached skill level 1 in Maces & Flails
   707 | D:1      | Reached skill level 1 in Armour
   707 | D:1      | Reached XP level 3. HP: 18/27 MP: 3/3
  1417 | D:2      | Found a stormy altar of Qazlal.
  1418 | D:2      | Noticed an air elemental
  1421 | D:2      | Noticed a water elemental
  1421 | D:2      | Noticed an earth elemental
  1421 | D:2      | Noticed a fire elemental
  2169 | D:2      | Reached skill level 1 in Polearms
  2312 | D:2      | Gained mutation: You have a pair of small antennae on your
                  | head. [demonic ancestry]
  2312 | D:2      | Reached XP level 4. HP: 33/33 MP: 4/4
  2792 | D:3      | Reached skill level 2 in Polearms
  2796 | D:3      | HP: 2/49 [orc priest/+0 whip (4)]
  2804 | D:3      | Reached XP level 5. HP: 7/38 MP: 5/5
  2882 | D:3      | Reached skill level 3 in Polearms
  3477 | D:3      | Noticed Sigmund
  3503 | D:3      | Killed Sigmund
  3503 | D:3      | Reached skill level 5 in Polearms
  3503 | D:3      | Reached XP level 6. HP: 18/44 MP: 6/6
  3527 | D:3      | HP: 1/44 [centaur/arrow (9)]
  3529 | D:3      | Mangled by a centaur

Skill      XL: |  1  2  3  4  5 |
---------------+----------------+-----
Maces & Flails | 1 |  1.1
Dodging        | 3 |  3.3
Armour         | 1 2 3 |  3.1
Fighting       | 2 |  2.0
Polearms       | 1 2 5 |  5.7
Stealth        | |  3.0

Action                   |  1- 3 |  4- 6 || total
-------------------------+-------+-------++-------
Melee: Whip              |   105 |    80 ||   185
       War axe           |    49 |       ||    49
       Scythe            |       |     1 ||     1
  Use: Scroll            |     2 |     6 ||     8
       Potion            |     1 |     2 ||     3
 Stab: Sleeping          |     5 |       ||     5
  Eat: Chunk             |     5 |     3 ||     8
Armor: Robe              |    21 |       ||    21
       Ring mail         |    43 |    22 ||    65
Dodge: Dodged            |   109 |    35 ||   144
